 Dungeon Crawl Stone Soup version 0.31-a0-435-g2c6fae2916 (webtiles) character file.

Game seed: 17794004278049356763

308 Dittersdorf the Covered (level 6, -2/39 HPs)
             Began as a Gargoyle Fighter on Aug 1, 2023.
             Killed from afar by an orc wizard (5 damage)
             ... with a puff of flame
             ... on level 3 of the Dungeon.
             The game lasted 00:04:05 (2714 turns).

Dittersdorf the Covered (Gargoyle Fighter)          Turns: 2714, Time: 00:04:05

Health: -2/39      AC: 11    Str: 22    XL:     6   Next: 40%
Magic:  6/6        EV:  9    Int:  8    God:
Gold:   119        SH:  0    Dex:  9    Spells: 5/5 levels left

rFire   . . .        a - +1 flail
rCold   . . .        c - +0 buckler
rNeg    + . .        b - +0 scale mail
rPois   ∞            (no helmet)
rElec   +            (no cloak)
rCorr   .            (no gloves)
SInv    .            (no boots)
Will    .....        (no amulet) Stlth
                     (no ring)
HPRegen 0.26/turn    (no ring)
MPRegen 0.10/turn

%: no passive effects
@: confused
A: sickness immunity, AC +4, negative energy resistance 1, electricity
resistance, torment resistance 1, petrification resistance
a: no special abilities


You were on level 3 of the Dungeon.
You visited 1 branch of the dungeon, and saw 3 of its levels.
You also visited: Sewer.

You collected 119 gold pieces.

Inventory:

Hand Weapons
 a - a +1 flail (weapon)
Missiles
 g - 20 poisoned darts
Armour
 b - a +0 scale mail (worn)
 c - a +0 buckler (worn)
Scrolls
 e - 2 scrolls of enchant weapon
Potions
 d - 2 potions of might
 f - a potion of ambrosia {unknown}
 h - a potion of brilliance
 i - a potion of cancellation {unknown}
 j - a potion of enlightenment {unknown}
 k - 2 potions of heal wounds {unknown}
 l - a potion of invisibility {unknown}
 m - 2 potions of mutation {unknown}


   Skills:
 + Level 4.7 Fighting
 + Level 3.6 Maces & Flails
 + Level 4.8 Armour
 + Level 4.6 Shields


You had 5 spell levels left.
You didn't know any spells.
Your spell library contained the following spells:

 Spells                   Type           Power      Damage    Failure   Level
 Wereblood                Tmut           0%         N/A       89%         2
 Leda's Liquefaction      Hex/Erth       0%         N/A       100%        4
 Lee's Rapid Deconstruct  Erth           0%         3d4*      100%        5
 Leda's Unmaking          Conj/Erth      0%         9d1       100%        6
 Summon Hydra             Summ           0%         N/A       100%        7
 Sublimation of Blood     Necr           Unusable   N/A       N/A         2

Dungeon Overview and Level Annotations

Branches:
Dungeon (3/15)              Sewer (visited)

Altars:


Innate Abilities, Weirdness & Mutations

You are immune to sickness and miasma.
Your stone body is resilient. (AC +4)
You are immune to poison.
You resist negative energy. (rN+)
You are resistant to electric shocks. (rElec)
You are resistant to unholy torment.
You are immune to petrification.


Message History

You kill the orc priest!
Something hits you but does no damage.
Things that are here:
a +0 whip; an orc corpse You miss something.
You hear some strange, mumbled words.
Something tries to affect you, but you resist.
Something hits you.
You barely miss something. Something hits you.
You closely miss something. Something hits you but does no damage.
You barely miss something. Something hits you.
* * * LOW HITPOINT WARNING * * *
You barely miss something. Something hits you but does no damage.
You hear some strange, mumbled words.
A puff of flame appears from out of thin air!
The puff of flame hits you!
* * * LOW HITPOINT WARNING * * *
You barely miss something. Something hits you but does no damage.
You closely miss something. Something hits you but does no damage.
You hit something but do no damage. Something hits you but does no damage.
You closely miss something.
You hear some strange, mumbled words.
You are confused.
Something hits you.
* * * LOW HITPOINT WARNING * * *
You miss something. Something hits you but does no damage.
You miss something. Something hits you but does no damage.
You hear some strange, mumbled words.
You are more confused.
Something hits you but does no damage.
Things that are here:
a +0 whip; an orc corpse You bump into the rock wall.
Something hits you.
* * * LOW HITPOINT WARNING * * *
You miss something. Something hits you but does no damage.
You closely miss something. Something hits you but does no damage.
You hear some strange, mumbled words.
A puff of flame appears from out of thin air!
The puff of flame hits you.
You die...

#.####.### *#### #**
#.##...# *#...##
..#**#.#..### ##.....##
#...##...##### #.......#
**#.†........###.......#
####..####...#.......# #..#
###))......## ####..#
###{......# #.....#
#@......# #.##.## #.....!.#
###.##.# ##.....## ##..#..#
*#?..## .#.##.## *#.##
...##.#****########.#######
##<......,,#######..#######
####.###*,..###...########
#.# **#...#.##########


There were no monsters in sight!

Vanquished Creatures
  A kobold brigand (Sewer)
  A hound (D:3)
  An orc priest (D:3)
  7 adders
  3 river rats (Sewer)
  2 dart slugs
  2 orcs (D:3)
  6 ball pythons
  5 endoplasms
  2 giant cockroaches (D:3)
  4 goblins
  4 hobgoblins
  10 jackals
  7 kobolds
  7 quokkas
  3 bats
  4 frilled lizards
  14 rats
83 creatures vanquished.

Notes
Turn   | Place    | Note
-------+----------+-------------------------------------------
     0 | D:1      | Dittersdorf the Gargoyle Fighter began the quest for the
                  | Orb.
     0 | D:1      | Reached XP level 1. HP: 14/14 MP: 1/1
   175 | D:1      | Reached XP level 2. HP: 19/19 MP: 2/2
   749 | D:1      | Reached XP level 3. HP: 24/24 MP: 3/3
  1010 | D:2      | Reached XP level 4. HP: 26/29 MP: 4/4
  1683 | D:3      | Found a glowing drain.
  1697 | Sewer    | Entered a sewer
  1746 | Sewer    | Reached XP level 5. HP: 26/33 MP: 5/5
  1808 | Sewer    | Noticed a kobold brigand
  1835 | Sewer    | Killed a kobold brigand
  2086 | Sewer    | Reached XP level 6. HP: 39/39 MP: 6/6
  2714 | D:3      | Killed from afar by an orc wizard

Illustrated notes

Levels and vault maps discovered:
D:1:      amcnicky_arrival_abandoned_market, layout_loops_corners,
          minmay_misc_feat_x, serial_bayou_pond_b, minmay_crystal_room
D:2:      layout_basic, roderic_roman_lattice, minmay_tromino_i2
D:3:      layout_rooms, gup_sewer_entry_bubbles

Skill      XL: |  1  2  3  4 |
---------------+-------------+-----
Fighting       | 4 |  4.7
Armour         | 4 |  4.8
Shields        | 4 |  4.6
Maces & Flails | 3 |  3.6

Action                     |  1- 3 |  4- 6 || total
---------------------------+-------+-------++-------
  Melee: Flail             |   101 |   190 ||   291
    Use: Scroll            |       |     6 ||     6
 Armour: Scale mail        |    60 |    97 ||   157
  Dodge: Dodged            |    51 |    82 ||   133
  Block: Buckler           |    21 |    41 ||    62

Table legend: (Time is in decaauts)
 A = Elapsed time spent in this place.
 B = Non-inter-level travel time spent in this place.
 C = Inter-level travel time spent in this place.
 D = Time resting spent in this place.
 E = Time spent auto-exploring this place.
 F = Levels seen in this place.
 G = Mean time per level.
                   A        B        C        D        E       F      G
               +--------+--------+--------+--------+--------+-----+--------+
         Total |   3028 |   2967 |     61 |     50 |   2085 |   4 |  757.0 |
       Dungeon |   1987 |   1926 |     61 |      0 |   1391 |   3 |  662.3 |
         Sewer |   1040 |   1040 |      0 |     50 |    694 |   1 | 1040.0 |
               +--------+--------+--------+--------+--------+-----+--------+

Top non-repeatable levels by time:
   Sewer: 1040 daAuts
     D:1: 930 daAuts
     D:2: 653 daAuts
     D:3: 403 daAuts
